 Dungeon Crawl Stone Soup version 0.31.0-2-g5a2aebc5c2 (webtiles) character file.

Game seed: 5305453463280275613

229 shadowrider38 the Changeling (level 6, -11/43 HPs)
             Began as a Barachi Shapeshifter on Jan 21, 2024.
             Mangled by a hornet (12 damage)
             ... on level 4 of the Dungeon.
             The game lasted 00:04:19 (2874 turns).

shadowrider38 the Changeling (Barachi Shapeshifter) Turns: 2874, Time: 00:04:19

Health: -11/43     AC:  7    Str: 18    XL:     6   Next: 3%
Magic:  6/6        EV: 11    Int: 10    God:
Gold:   281        SH:  0    Dex: 11    Spells: 5/5 levels left

rFire   . . .        a - +10 mace "Testudinebane" {flame, rElec Stlth+}
rCold   + . .        (no shield)
rNeg    . . .        n - +2 ring mail {rC+}
rPois   .            (helmet currently unavailable)
rElec   +            (cloak currently unavailable)
rCorr   .            (gloves currently unavailable)
SInv    .            (boots currently unavailable)
Will    .....        (no amulet)
Stlth   ++           (no ring)
HPRegen 0.27/turn    (no ring)
MPRegen 0.10/turn

%: no passive effects
@: lethally poisoned (-11 -> -27), beast-form, attractive, slowed, very slow
A: beast (slay +3), amphibious, slowness 1, strong legs 1, +LOS
a: Hop, Begin Untransformation


You were on level 4 of the Dungeon.
You were a hulking beast.
You visited 1 branch of the dungeon, and saw 4 of its levels.

You collected 281 gold pieces.

Inventory:

Hand Weapons
 a - the +10 mace "Testudinebane" (weapon) {flame, rElec Stlth+}
   (You found it on level 3 of the Dungeon)

   rElec:     It insulates you from electricity.
   Stlth+:    It makes you more stealthy.
Missiles
 k - 14 poisoned darts (quivered)
Armour
 g - a +0 hat
 n - a +2 ring mail of cold resistance (worn)
 p - an orb of energy
 q - a +0 animal skin
 t - a +0 helmet
 v - a +2 helmet
Magical Staves
 s - a staff of conjuration
Talismans
 c - a beast talisman
 d - a flux talisman
Scrolls
 e - a scroll of fear
 f - a scroll of enchant armour {unknown}
 h - a scroll of noise {unknown}
 i - a scroll of vulnerability {unknown}
 l - a scroll of revelation {unknown}
 o - a scroll of amnesia {unknown}
Potions
 b - a potion of lignification
 r - a potion of degeneration {unknown}
 u - a potion of enlightenment {unknown}


   Skills:
 - Level 1.2 Fighting
 - Level 2.1 Dodging
 - Level 5.1 Unarmed Combat
 * Level 5.6 Shapeshifting


You had 5 spell levels left.
You didn't know any spells.
Your spell library contained the following spells:

 Spells                   Type           Power      Damage    Failure   Level
 Magic Dart               Conj           0%         1d3       56%         1
 Blink                    Tloc           0%         N/A       71%         2
 Call Imp                 Summ           0%         N/A       71%         2
 Call Canine Familiar     Summ           0%         N/A       90%         3
 Sigil of Binding         Hex            0%         N/A       90%         3
 Dimensional Bullseye     Hex/Tloc       0%         N/A       100%        4


Dungeon Overview and Level Annotations

Branches:
Dungeon (4/15) Zot: 20661
 Temple: D:4-7

Altars:

Annotations:
D:3 exclusion: downstairs


Innate Abilities, Weirdness & Mutations

You are a hulking beast.
Your limbs bulge with bestial killing power. (Slay +3)
You are amphibious.
You cover ground slowly.
You can hop short distances.
You have an extended range of vision and can be seen from far away.


Message History

You feel very sick. The hornet closely misses you. The hornet stings you.
You feel as though you will be slow longer.
Okay, then.
Okay, then.
Okay, then.
Hit: a) +10 mace "Testudinebane" {flame, rElec Stlth+}
Press: ? - help, Dir - move target, f - hornet
Aim: a hornet (heavily wounded, about 40% to evade the +10 mace "Testudinebane")
You barely miss the hornet.
The hornet is heavily wounded.
You feel very sick. The hornet closely misses you.
The hornet barely misses you. The hornet misses you.
A jackal comes into view.
Aiming: Corrosive Bolt
Press: ? - help, Shift-Dir - straight line, f/p - hornet
Aim: a hornet (heavily wounded, 57% to hit)
The bolt of acid hits the hornet!
The acid corrodes the hornet!
The hornet is almost dead.
The jackal barks!
The now-empty wand crumbles to dust.
You feel sick. The hornet barely misses you. The hornet misses you.
The hornet stings you.
You feel as though you will be slow longer.
You barely miss the hornet.
The hornet is almost dead.
You feel sick. The hornet closely misses you. The hornet stings you!
You are more poisoned.
You feel as though you will be slow longer.
A jackal comes into view.
The hornet stings you!
* * * LOW HITPOINT WARNING * * *
You feel as though you will be slow longer.
You feel much better.
You feel very sick. The hornet stings you!
* * * LOW HITPOINT WARNING * * *
You are more poisoned.
You feel as though you will be slow longer.
The jackal bites you.
* * * LOW HITPOINT WARNING * * *
The hornet closely misses you.
Unknown command.
It was a potion of attraction.
You feel attractive to monsters.
* * * LOW HITPOINT WARNING * * *
You feel extremely sick.
The jackal bites you but does no damage.
The hornet stings you!
You die...

#.##.##
.#♣.♣#######.
#.# ...
#....... #.#
#.# ####.##.
#.# .# # #.
#.# .# #. #.#
.# # #.
#.###.##.##.#
..
#............
##
####hh.....#
#y###h#.# #.#
#.# #.# #.#
#.# #.# #.#


You could see a hornet (corroded) and 2 jackals.

Vanquished Creatures
  A scorpion (D:4)
  A hound (D:4)
  A sleepcap (D:4)
  3 adders
  2 ufetubi (D:2)
  5 dart slugs
  A ribbon worm (D:2)
  An orc (D:3)
  6 bats
  5 endoplasms
  3 giant cockroaches
  6 goblins
  4 hobgoblins
  2 jackals (D:1)
  2 kobolds
  3 quokkas
  6 ball pythons
  5 frilled lizards
  5 rats
62 creatures vanquished.

Notes
Turn   | Place    | Note
-------+----------+-------------------------------------------
     0 | D:1      | shadowrider38 the Barachi Shapeshifter began the quest for
                  | the Orb.
     0 | D:1      | Reached XP level 1. HP: 15/15 MP: 1/1
   267 | D:1      | Reached XP level 2. HP: 14/21 MP: 2/2
   982 | D:2      | Reached XP level 3. HP: 25/26 MP: 3/3
  1873 | D:2      | Reached XP level 4. HP: 23/32 MP: 4/4
  2050 | D:3      | Identified the +10 mace "Testudinebane" {flame, rElec
                  | Stlth+}
  2637 | D:4      | Noticed a scorpion
  2678 | D:4      | Killed a scorpion
  2679 | D:4      | Reached XP level 5. HP: 37/37 MP: 5/5
  2848 | D:4      | Reached XP level 6. HP: 37/43 MP: 6/6
  2866 | D:4      | Noticed a hornet
  2874 | D:4      | HP: 1/43 [poisoned by a hornet]
  2874 | D:4      | Mangled by a hornet

Illustrated notes

Levels and vault maps discovered:
D:1:      saegor_arrival_fortress, layout_basic, kennysheep_minor_cross,
          kennysheep_boxes
D:2:      layout_loops_corners, nicolae_underground_beach
D:3:      layout_rooms, minmay_misc_feat_enclosed, minmay_gold_behind_fungi,
          kennysheep_decorative_pillar, st_stairs_1, amethyst_killhole,
          chequers_serial_rivers_micro_b
D:4:      kennysheep_six_static_rooms, layout_loops_ring, portal_sewer_entry_e,
          dreamdust_princess_corridor

Skill      XL: |  1  2  3  4 |
---------------+-------------+-----
Unarmed Combat | 4 5 |  5.1
Shapeshifting  | 5 |  5.6
Fighting       | |  1.2
Dodging        | |  2.1

Action                     |  1- 3 |  4- 6 || total
---------------------------+-------+-------++-------
  Melee: Unarmed           |   108 |    47 ||   155
         Punch             |     2 |     3 ||     5
         Mace              |       |    29 ||    29
  Evoke: Wand              |       |     5 ||     5
    Use: Scroll            |     1 |       ||     1
         Potion            |       |     3 ||     3
   Stab: Sleeping          |     1 |     1 ||     2
 Armour: Animal skin       |    29 |       ||    29
         Ring mail         |    49 |    75 ||   124
  Dodge: Dodged            |    69 |    78 ||   147
